[ PARTIDA AOE2 · #471905098 ]
UnrankedBereberes vs Vikings
Equipo del jugador · DERR
[ ANÁLISIS DE REPETICIÓN · EXTRAÍDO DE LA PARTIDA GRABADA ]
Feudal
—
Castillos
—
Imperial
—
| APM promedio | 66.2 |
| APM pico | 60 |
| eAPM promedio | 16.4 |
| Aldeanos / militares | 8 / 0 |
Foco
⚔️ 30.4% · 🌾 69.6%
Feudal
—
Castillos
—
Imperial
—
| APM promedio | 43.9 |
| APM pico | 52 |
| eAPM promedio | 13.1 |
| Aldeanos / militares | 6 / 0 |
Foco
⚔️ 17.6% · 🌾 82.4%
Feudal
—
Castillos
—
Imperial
—
| APM promedio | 47.9 |
| APM pico | 40 |
| eAPM promedio | 15.1 |
| Aldeanos / militares | 7 / 0 |
Foco
⚔️ 0.0% · 🌾 100.0%
Feudal
—
Castillos
—
Imperial
—
| APM promedio | 15.7 |
| APM pico | 24 |
| eAPM promedio | 8.5 |
| Aldeanos / militares | 4 / 0 |
Foco
⚔️ 0.0% · 🌾 100.0%
Feudal
—
Castillos
—
Imperial
—
| APM promedio | 68.9 |
| APM pico | 80 |
| eAPM promedio | 11.2 |
| Aldeanos / militares | 6 / 0 |
Foco
⚔️ 0.0% · 🌾 100.0%
Feudal
—
Castillos
—
Imperial
—
| APM promedio | 24.3 |
| APM pico | 27 |
| eAPM promedio | 7.2 |
| Aldeanos / militares | 4 / 0 |
Foco
⚔️ 0.0% · 🌾 100.0%
Feudal
—
Castillos
—
Imperial
—
| APM promedio | 82.0 |
| APM pico | 92 |
| eAPM promedio | 21.0 |
| Aldeanos / militares | 4 / 0 |
Foco
⚔️ 30.8% · 🌾 69.2%
Feudal
—
Castillos
—
Imperial
—
| APM promedio | 95.1 |
| APM pico | 119 |
| eAPM promedio | 11.8 |
| Aldeanos / militares | 4 / 0 |
Foco
⚔️ 0.0% · 🌾 100.0%
Mapa de la partida
Recursos iniciales + cada clic de construcción. Líneas = muros · curvas = relieve. ◆ oro · ⬟ piedra · ● bayas · ✦ reliquia · ◌ hueco del cierre
Tu base
Base de DNNANAV4
Base de Sir Dancealot
Base de I got that dog in me
Base de YT TW_Jerry twitch.tv/twnb_jerry
Base de [xbow] Flare
Base de TW_HIHAO
Base de [LOEL] Keke Tang most shining
Terreno inicial suavizado · ◌ = hueco del cierre detectado · pasá el cursor para detalles
Inputs por minuto
— YT Jian Hei菜雞號 - - DNNANAV4
Build order — YT Jian Hei菜雞號
10 acciones detectadas en el replay
| 0:01 | Crear | Villager (Male) |
| 0:01 | Crear | Villager (Male) |
| 0:01 | Crear | Villager (Male) |
| 0:02 | Construir | House |
| 0:03 | Construir | House |
| 0:06 | Crear | Villager (Male) |
| 0:06 | Crear | Villager (Male) |
| 1:24 | Crear | Villager (Male) |
| 1:24 | Crear | Villager (Male) |
| 1:24 | Crear | Villager (Male) |
Build order — DNNANAV4
8 acciones detectadas en el replay
| 0:01 | Crear | Villager (Male) |
| 0:01 | Crear | Villager (Male) |
| 0:01 | Crear | Villager (Male) |
| 0:01 | Crear | Villager (Male) |
| 0:02 | Construir | House |
| 0:04 | Construir | House |
| 1:16 | Crear | Villager (Male) |
| 1:16 | Crear | Villager (Male) |
Build order — Sir Dancealot
9 acciones detectadas en el replay
| 0:00 | Crear | Villager (Male) |
| 0:01 | Crear | Villager (Male) |
| 0:01 | Crear | Villager (Male) |
| 0:02 | Construir | House |
| 0:04 | Construir | House |
| 0:22 | Crear | Villager (Male) |
| 0:23 | Crear | Villager (Male) |
| 1:26 | Crear | Villager (Male) |
| 1:26 | Crear | Villager (Male) |
Build order — I got that dog in me
7 acciones detectadas en el replay
| 0:02 | Crear | Villager (Male) |
| 0:02 | Crear | Villager (Male) |
| 0:02 | Crear | Villager (Male) |
| 0:03 | Crear | Villager (Male) |
| 0:04 | Construir | House |
| 0:06 | Construir | House |
| 0:16 | Construir | House |
Build order — YT TW_Jerry twitch.tv/twnb_jerry
5 acciones detectadas en el replay
| 0:02 | Crear | Villager (Male) ×4 |
| 0:04 | Construir | House |
| 0:08 | Construir | House |
| 1:24 | Crear | Villager (Male) |
| 1:24 | Crear | Villager (Male) |
Build order — [xbow] Flare
6 acciones detectadas en el replay
| 0:01 | Crear | Villager (Male) |
| 0:01 | Crear | Villager (Male) |
| 0:02 | Crear | Villager (Male) |
| 0:02 | Crear | Villager (Male) |
| 0:03 | Construir | House |
| 0:04 | Construir | House |
Build order — TW_HIHAO
6 acciones detectadas en el replay
| 0:01 | Crear | Villager (Male) |
| 0:02 | Crear | Villager (Male) |
| 0:03 | Construir | House |
| 0:04 | Construir | House |
| 0:41 | Crear | Villager (Male) |
| 0:43 | Crear | Villager (Male) |
Build order — [LOEL] Keke Tang most shining
6 acciones detectadas en el replay
| 0:00 | Crear | Villager (Male) |
| 0:01 | Crear | Villager (Male) |
| 0:01 | Crear | Villager (Male) |
| 0:02 | Crear | Villager (Male) |
| 0:02 | Construir | House |
| 0:03 | Construir | House |
Cronología de la partida
| 0:40 | I got that dog in me · resign |
[ ANÁLISIS IA · 1 CRÉDITO ]
¿Qué pasó realmente en esta partida?
Wolo.gg analiza cada decisión: build order, eco, micro, errores típicos por bracket. Análisis personalizado por WhatsApp o Discord en 30 segundos.
Guía civ
Bereberes
Perfil
Jugador #15507280